 Dungeon Crawl Stone Soup version 0.21.1-1-g345015f (webtiles) character file.

114554 MrSolrac the Bludgeoner (level 16, -10/152 HPs)
             Began as a Minotaur Fighter on Apr 26, 2018.
             Was the Champion of the Shining One.
             Mangled by a 12-headed hydra (11 damage)
             ... summoned by Bai Suzhen
             ... on level 4 of the Swamp on Apr 28, 2018.
             The game lasted 02:52:56 (28546 turns).

MrSolrac the Bludgeoner (Minotaur Fighter)         Turns: 28546, Time: 02:52:57

Health: -10/152    AC:  0    Str: 23    XL:     16   Next: 16%
Magic:  19/19      EV: 19    Int:  6    God:    the Shining One [******]
Gold:   1462       SH:  0    Dex: 14    Spells: 4/21 levels left

rFire    . . .     SeeInvis .   (weapon currently unavailable)
rCold    . . .     Gourm    .   (shield currently unavailable)
rNeg     + + +     Faith    .   (armour currently unavailable)
rPois    .         Spirit   .   (helmet currently unavailable)
rElec    .         Reflect  .   (cloak currently unavailable)
rCorr    .         Harm     .   (gloves currently unavailable)
MR       +....                  (boots currently unavailable)
Stlth    +.........             z - amulet of rage
HPRegen  0.35/turn              (ring currently unavailable)
MPRegen  0.16/turn              (ring currently unavailable)

@: pig-form, slowed, glowing, very slow
A: small, (retaliatory headbutt)
a: Divine Shield, Cleansing Flame, Summon Divine Warrior, Brand Weapon With Holy
Wrath, Renounce Religion, Evoke Berserk Rage


You were on level 4 of the Swamp.
You worshipped the Shining One.
The Shining One was exalted by your worship.
You were not hungry.
You were a filthy swine.
You visited 4 branches of the dungeon, and saw 26 of its levels.
You also visited: Sewer and Ossuary.

You collected 1886 gold pieces.
You spent 424 gold pieces at shops.

Inventory:

Hand Weapons
 O - a +4 morningstar of flaming (melded)
Missiles
 h - 749 stones (quivered)
 m - 3 javelins
 A - 5 throwing nets
Armour
 a - a +0 pair of boots (melded)
 k - a +0 plate armour
 r - a +0 cloak (melded)
 G - a +1 hat (melded)
 K - a +0 large shield (melded)
 P - the +7 Kryia's mail coat (melded) {PotionHeal*2 rC+}
   (You found it on level 3 of the Lair of Beasts)

   It protects you from cold.
 T - a +0 pair of gloves (melded)
Jewellery
 x - a +6 ring of strength (melded)
 z - an amulet of rage (around neck)
 H - an uncursed ring of protection from magic
 M - a +5 ring of evasion (melded)
 X - an uncursed ring of resist corrosion
 Z - an uncursed ring of flight
Wands
 g - a wand of disintegration (13)
 n - a wand of iceblast (4)
 v - a wand of flame (21)
 w - a wand of paralysis (35)
 I - a wand of acid (7)
 Q - a wand of polymorph (15)
 S - a wand of digging (23)
Scrolls
 b - 4 scrolls of fear
 i - 4 scrolls of amnesia
 o - 19 scrolls of teleportation
 q - 3 scrolls of blinking
 t - 17 scrolls of remove curse
 y - 5 scrolls of magic mapping
 C - 5 scrolls of enchant weapon
 E - 3 scrolls of identify
 L - a scroll of silence
 N - a scroll of holy word
 R - a scroll of enchant armour
 U - 3 scrolls of fog
Potions
 c - 3 potions of ambrosia
 d - 2 potions of might
 e - 6 potions of flight
 j - 9 potions of curing
 l - 3 potions of resistance
 p - 2 potions of agility
 B - 4 potions of berserk rage
 D - 4 potions of brilliance
 F - 2 potions of magic
 J - a potion of heal wounds
Books
 u - a book of Enchantments

   Spells                             Type                      Level
   a - Cause Fear                     Hexes                        4
   b - Yara's Violent Unravelling     Hexes/Transmutation          5
   c - Silence                        Hexes/Air                    5
   d - Deflect Missiles               Charms/Air                   6
   e - Discord                        Hexes                        8
Miscellaneous
 s - a crystal ball of energy
 W - a sack of spiders
Comestibles
 f - 64 rations
 V - 11 chunks of flesh


   Skills:
 + Level 16.6 Fighting
 + Level 17.2 Maces & Flails
 + Level 15.4 Armour
 + Level 7.5 Dodging
 + Level 15.5 Shields
 + Level 3.2 Spellcasting
 + Level 3.7 Translocations


You had 4 spell levels left.
You knew the following spells:

 Your Spells              Type           Power        Failure   Level  Hunger
a - Blink                 Tloc           N/A          12%         2    ###....
b - Swiftness             Chrm/Air       #.......     50%         2    ###....
c - Orb of Destruction    Conj           #.........   100%        7    #######
d - Iron Shot             Conj/Erth      #.........   100%        6    #######


Dungeon Overview and Level Annotations

Branches:
Dungeon (15/15)            Temple (1/1) D:4            Lair (6/6) D:8
  Swamp (4/4) Lair:2        Snake (0/4) Lair:4        Slime (0/5) Lair:6
    Orc (0/2) D:11         Vaults (0/5) D:14         Depths (0/5) D:15

Altars:
Ashenzari
Cheibriados
Dithmenos
Elyvilon
Fedhas
Gozag
Hepliaklqana
Kikubaaqudgha
Makhleb
Nemelex Xobeh
Okawaru
Qazlal
Ru
Sif Muna
Trog
Uskayaw
Vehumet
Wu Jian
Xom
Yredelemnul
Zin
The Shining One
Jiyva

Shops:
D:4 [   D:5 [   D:7 :   D:8 %   D:12 }   D:15 ?

Annotations:
D:6 exclusion: oklob plant
Swamp:4 Bai Suzhen, Kirke


Innate Abilities, Weirdness & Mutations

((You reflexively headbutt those who attack you in melee.))
((You have a pair of horns on your head.))


Message History

The alligator zombie completely misses you.
The alligator zombie completely misses you.
The alligator zombie tail-slaps you!
You enter the shallow water.
Moving in this stuff is going to be slow.
The 12-headed hydra bites you!
* * * LOW HITPOINT WARNING * * *
The 12-headed hydra barely misses you. The 12-headed hydra bites you!
* * * LOW HITPOINT WARNING * * *
The 12-headed hydra completely misses you.
The 12-headed hydra bites you!
* * * LOW HITPOINT WARNING * * *
The 12-headed hydra completely misses you.
The 12-headed hydra bites you!
* * * LOW HITPOINT WARNING * * *
The 12-headed hydra barely misses you. The 12-headed hydra misses you.
The 12-headed hydra bites you. The Shining One protects you from harm!
The 12-headed hydra bites you!
You die...

≈≈≈≈≈≈≈≈≈≈≈.♣♣♣ ≈≈≈♣≈≈≈.≈...≈≈♣♣
≈≈≈♣≈≈≈≈÷......♣♣
≈≈♣≈≈≈≈.♣≈♣≈≈n@≈♣♣ ♣♣♣♣♣♣♣♣
≈≈≈≈≈≈≈♣♣♣♣h≈≈≈≈.♣♣ ♣♣♣♣♣♣..♣♣..♣
≈≈≈≈≈≈≈§ ♣♣.≈≈≈≈≈♣ ♣..♣♣.≈.♣♣..≈
≈≈≈≈≈≈≈.. ♣≈.≈≈≈Zd♣♣♣.≈.♣.§.♣♣♣♣♣
≈≈≈≈≈.♣.≈≈♣..≈≈≈ZDD..≈≈.♣..≈...♣♣
§≈≈≈§♣.≈§.♣...≈≈h♣.≈.≈...≈≈≈..≈..
≈≈≈..≈......).≈≈≈..≈≈≈≈..≈≈≈≈.≈≈.
§≈≈♣. .≈≈.≈≈.≈≈≈≈≈≈≈≈≈≈≈.≈≈≈§≈≈≈≈
..... ♣≈..≈≈.≈≈≈≈≈≈≈≈≈≈.≈.≈≈≈≈§.♣
≈.... ♣!.§≈≈...≈≈≈≈≈.≈≈≈≈.†.≈≈.≈♣
.≈≈.♣♣♣.≈.≈♣≈♣♣.≈≈≈≈.≈♣≈....≈≈≈≈♣
♣♣≈..♣♣.)..♣♣♣..≈≈.♣♣♣≈....≈≈..♣♣
≈≈≈≈≈.♣♣..≈♣ ≈.≈≈≈≈.≈≈.≈≈.......<
♣.≈)≈≈.♣..♣♣≈..≈≈≈≈≈..≈≈≈≈≈≈≈.≈≈≈


You could see Bai Suzhen, Kirke (invisible), a 12-headed hydra, an eight-headed
hydra, a bog body, a hog and 2 alligator zombies.

Vanquished Creatures
  Aizul (Swamp:3)
  Nessos (Lair:6)
  Snorg (D:12)
  A fire dragon (Lair:6)
  20 hydras
  3 ghost crabs
  2 centaur warriors
  A catoblepas (Lair:2)
  3 death yaks (Lair:6)
  A tengu warrior (D:11)
  9 alligators
  8 two-headed ogres
  4 skeletal warriors (D:15)
  A fire crab (Lair:5)
  A glowing orange brain (D:15)
  A swamp dragon (Lair:6)
  2 spriggan druids (Swamp:4)
  2 unseen horrors
  2 shambling mangroves (Swamp:4)
  A lindwurm (Lair:6)
  2 deep elf magi
  An orc knight (D:15)
  Pikel (D:7)
  2 cyclopes
  17 ugly things
  2 manticores
  2 centaur zombies
  Joseph (D:7)
  22 elephants
  6 black mambas
  A black mamba (shapeshifter) (D:15)
  A torpor snail (Lair:6)
  2 gargoyles
  Psyche (D:9)
  3 rime drakes (Lair:6)
  17 spiny frogs
  4 centaur skeletons
  An efreet (D:15)
  4 kobold demonologists
  6 komodo dragons
  A merfolk (D:9)
  4 trolls
  3 tengu conjurers
  A queen bee (D:9)
  6 tyrant leeches
  4 hornets
  2 polar bears (Lair:4)
  5 bog bodies
  A hornet (shapeshifter) (D:15)
  2 blink frogs (Lair:6)
  The ghost of Flooderbenga the Grave Robber, an amateur GnNe (D:5)
  2 dream sheep (Lair:6)
  A blink frog (shapeshifter) (D:15)
  18 slime creatures
  15 hippogriffs
  5 basilisks
  2 shadows
  6 spriggans
  3 wyverns
  A hog (Swamp:4)
  5 humans (D:9)
  8 yaks
  5 wraiths
  A steam dragon (D:11)
  3 hungry ghosts
  Menkaure (D:7)
  19 vampire mosquitoes
  A warg (D:15)
  22 swamp worms
  A naga (Lair:4)
  17 insubstantial wisps
  19 water moccasins
  12 porcupines
  A hornet zombie (D:14)
  5 acid dragons
  5 swamp drakes
  10 orc warriors
  3 black bears
  3 ice beasts
  An eye of draining (D:8)
  2 phantoms
  2 sky beasts
  2 necrophages
  2 ogres
  12 centaurs
  10 wolves
  13 crocodiles
  6 big kobolds
  An elf zombie (Ossuary)
  15 bullfrogs
  5 scorpions
  A scorpion (shapeshifter) (D:15)
  23 killer bees
  6 electric eels (D:5)
  17 wights
  A howler monkey (D:5)
  8 crimson imps
  2 quasits
  7 hounds
  10 orc priests
  Jessica (D:2)
  2 bullfrog skeletons
  15 orc wizards
  7 iguanas
  10 worker ants
  6 hell rats (Lair:6)
  A killer bee zombie (D:3)
  A big kobold zombie (Ossuary)
  4 mummies
  A hound zombie (D:9)
  3 hound skeletons
  2 worker ant zombies
  Robin (D:2)
  6 gnolls
  20 adders
  5 river rats
  5 shadow imps
  2 oozes
  6 adder zombies
  An adder skeleton (D:9)
  7 worms
  A dart slug (D:1)
  4 leopard geckos
  59 orcs
  3 ball pythons
  10 bats
  3 giant cockroaches
  15 goblins
  13 hobgoblins
  26 jackals
  15 kobolds
  5 quokkas
  A ball python zombie (D:5)
  8 frilled lizards
  3 goblin zombies (Ossuary)
  4 hobgoblin zombies (Ossuary)
  2 kobold zombies (Ossuary)
  2 quokka zombies (Ossuary)
  18 rats
  A fungus (Lair:3)
  A plant (Lair:6)
831 creatures vanquished.

Vanquished Creatures (others)
  Josephine (Swamp:1)
  A spiny frog (Swamp:3)
  A bog body (Swamp:3)
  A spriggan (Swamp:4)
  4 hogs (Swamp:4)
  A vampire mosquito (Swamp:1)
  A swamp drake (Swamp:4)
  A slave (D:7)
  A worker ant (D:7)
  4 fungi
  4 plants
  11 toadstools (D:6)
31 creatures vanquished.

Grand Total: 862 creatures vanquished

Notes
Turn   | Place    | Note
-------+----------+-------------------------------------------
     0 | D:1      | MrSolrac the Minotaur Fighter began the quest for the Orb.
     0 | D:1      | Reached XP level 1. HP: 19/19 MP: 0/0
    72 | D:1      | Reached skill level 3 in Maces & Flails
    76 | D:1      | Reached XP level 2. HP: 27/27 MP: 1/1
   872 | D:2      | Reached XP level 3. HP: 33/33 MP: 2/2
   957 | D:2      | Reached skill level 4 in Maces & Flails
  1011 | D:2      | Noticed Robin
  1032 | D:2      | Killed Robin
  1048 | D:2      | Reached XP level 4. HP: 38/41 MP: 3/3
  1288 | D:2      | Noticed Jessica
  1291 | D:2      | Killed Jessica
  1291 | D:2      | Reached skill level 5 in Maces & Flails
  1794 | D:3      | Reached skill level 5 in Fighting
  1794 | D:3      | Reached XP level 5. HP: 30/48 MP: 4/4
  2284 | D:3      | Reached skill level 6 in Maces & Flails
  3078 | D:4      | Found a staircase to the Ecumenical Temple.
  3099 | Temple   | Entered the Ecumenical Temple
  3203 | Temple   | Became a worshipper of the Shining One
  3254 | D:4      | Found Moipt's Antique Armour Emporium.
  3280 | D:4      | Reached XP level 6. HP: 56/56 MP: 5/5
  3785 | D:5      | Entered Level 5 of the Dungeon
  3840 | D:5      | Found a sand-covered staircase.
  3850 | Ossuary  | Entered an ossuary
  3854 | Ossuary  | Reached skill level 7 in Maces & Flails
  3874 | Ossuary  | Reached * piety under the Shining One
  3941 | Ossuary  | Reached ** piety under the Shining One
  4020 | D:5      | Noticed Flooderbenga's ghost (amateur GnNe)
  4037 | D:5      | Killed Flooderbenga's ghost
  4037 | D:5      | Reached skill level 8 in Maces & Flails
  4037 | D:5      | Reached XP level 7. HP: 47/64 MP: 6/6
  4128 | D:5      | Found a basalt altar of Yredelemnul.
  4372 | D:5      | Found Mullap's Antique Armour Shop.
  4380 | D:5      | Bought an embroidered hat for 168 gold pieces
  4800 | D:5      | Reached skill level 9 in Maces & Flails
  4801 | D:5      | Reached *** piety under the Shining One
  4826 | D:5      | Noticed a yak
  4835 | D:5      | Killed a yak
  4835 | D:5      | Reached XP level 8. HP: 73/73 MP: 7/7
  5043 | D:5      | Reached skill level 10 in Maces & Flails
  5704 | D:6      | Found a glowing drain.
  5713 | Sewer    | Entered a sewer
  6019 | Sewer    | Reached XP level 9. HP: 82/82 MP: 8/8
  6154 | D:6      | Reached skill level 11 in Maces & Flails
  6154 | D:6      | Reached skill level 5 in Armour
  6154 | D:6      | Reached skill level 5 in Shields
  6174 | D:6      | Reached **** piety under the Shining One
  6425 | D:6      | Found a blossoming altar of Fedhas.
  6446 | D:6      | Noticed an oklob plant
  6655 | D:7      | Noticed Menkaure
  6695 | D:7      | Killed Menkaure
  6999 | D:7      | Found Roahupek's Book Shoppe.
  7088 | D:7      | Noticed Joseph
  7105 | D:7      | Killed Joseph
  7156 | D:7      | Noticed Pikel
  7168 | D:7      | Killed Pikel
  7512 | D:8      | Found a staircase to the Lair.
  7514 | D:8      | Found a bloodstained altar of Trog.
  7680 | D:8      | Noticed a two-headed ogre
  7685 | D:8      | Killed a two-headed ogre
  7685 | D:8      | Reached skill level 10 in Fighting
  7685 | D:8      | Reached XP level 10. HP: 89/93 MP: 9/9
  7757 | D:8      | Found Pewiu's Food Emporium.
  7761 | D:8      | Bought a ration for 60 gold pieces
  7761 | D:8      | Bought a ration for 60 gold pieces
  7761 | D:8      | Bought a ration for 60 gold pieces
  8173 | D:9      | Noticed Psyche
  8201 | D:9      | Noticed a two-headed ogre
  8201 | D:9      | Killed Psyche
  8201 | D:9      | Reached skill level 12 in Maces & Flails
  8406 | D:9      | Noticed a two-headed ogre
  8424 | D:9      | Killed a two-headed ogre
  8499 | D:9      | Noticed a two-headed ogre
  8512 | D:9      | Killed a two-headed ogre
  9041 | D:9      | Reached ***** piety under the Shining One
  9049 | D:9      | Killed a two-headed ogre
  9049 | D:9      | Reached XP level 11. HP: 102/102 MP: 10/10
  9103 | D:9      | Reached skill level 13 in Maces & Flails
  9377 | D:10     | Entered Level 10 of the Dungeon
 10321 | D:11     | Found a deep blue altar of Sif Muna.
 10808 | D:11     | Found a staircase to the Orcish Mines.
 11261 | D:11     | Reached skill level 10 in Armour
 11261 | D:11     | Reached skill level 10 in Shields
 11281 | D:11     | Noticed a tengu warrior
 11354 | D:11     | Killed a tengu warrior
 11881 | D:12     | Found Qobbata's Gadget Shop.
 11984 | D:12     | Noticed Snorg
 12006 | D:12     | Killed Snorg
 12006 | D:12     | Reached XP level 12. HP: 69/113 MP: 11/11
 12237 | D:12     | Reached skill level 14 in Maces & Flails
 12327 | D:12     | Reached ****** piety under the Shining One
 12398 | D:12     | Noticed a four-headed hydra
 12407 | D:12     | Killed a four-headed hydra
 13204 | D:13     | Noticed a seven-headed hydra
 13215 | D:13     | Killed a seven-headed hydra
 13736 | D:13     | Got a twitching silver ring
 13760 | D:13     | Noticed a six-headed hydra
 13769 | D:13     | Killed a six-headed hydra
 14034 | D:14     | Noticed a two-headed ogre
 14041 | D:14     | Killed a two-headed ogre
 14136 | D:14     | Noticed a four-headed hydra
 14147 | D:14     | Killed a four-headed hydra
 14187 | D:14     | Noticed a two-headed ogre
 14196 | D:14     | Killed a two-headed ogre
 14196 | D:14     | Reached skill level 15 in Maces & Flails
 14223 | D:14     | Reached XP level 13. HP: 107/123 MP: 12/12
 15064 | D:14     | Found a gate to the Vaults.
 15160 | D:15     | Entered Level 15 of the Dungeon
 16765 | D:15     | Found a staircase to the Depths.
 16791 | D:15     | Found Vialem's Magic Scroll Boutique.
 16801 | D:15     | Bought a scroll of identify for 38 gold pieces
 16801 | D:15     | Bought a scroll of identify for 38 gold pieces
 16806 | D:15     | Identified the ring "Bugh" {rElec Str-4 Dex+4 Slay+4 Stlth+} (You found it on level 13 of the Dungeon)
 16964 | D:15     | Reached skill level 16 in Maces & Flails
 16991 | D:15     | Reached XP level 14. HP: 81/133 MP: 13/13
 17175 | D:15     | Reached skill level 15 in Fighting
 17194 | D:15     | Found a shattered altar of Ashenzari.
 17542 | Lair:1   | Entered Level 1 of the Lair of Beasts
 18253 | Lair:2   | Found a staircase to the Swamp.
 18334 | Lair:2   | Reached skill level 1 in Dodging
 19429 | Lair:3   | Found the +7 Kryia's mail coat {PotionHeal*2 rC+}
 19629 | Lair:3   | Got a twisted chain mail
 19640 | Lair:3   | Identified the +7 chain mail of Oquogic {Int+4} (You found it on level 3 of the Lair of Beasts)
 20645 | Lair:4   | Found a staircase to the Snake Pit.
 21774 | Lair:5   | Found a glowing silver altar of Zin.
 21993 | Lair:5   | Learned a level 2 spell: Blink
 21996 | Lair:5   | Learned a level 2 spell: Swiftness
 22004 | Lair:5   | Learned a level 7 spell: Orb of Destruction
 22293 | Lair:6   | Entered Level 6 of the Lair of Beasts
 22611 | Lair:6   | Found a staircase to the Slime Pits.
 22611 | Lair:6   | Found a viscous altar of Jiyva.
 22737 | Lair:6   | Reached skill level 5 in Dodging
 22749 | Lair:6   | Reached XP level 15. HP: 141/143 MP: 14/14
 23170 | Lair:6   | Noticed Nessos
 23197 | Lair:6   | Killed Nessos
 23197 | Lair:6   | Reached skill level 1 in Translocations
 23409 | Lair:6   | Reached skill level 1 in Spellcasting
 24695 | Swamp:1  | Entered Level 1 of the Swamp
 24904 | Swamp:1  | Reached skill level 15 in Shields
 25030 | Swamp:1  | Noticed Josephine
 25036 | Swamp:1  | Killed Josephine
 25050 | Swamp:1  | Reached skill level 15 in Armour
 26319 | Swamp:3  | Reached skill level 17 in Maces & Flails
 26571 | Swamp:3  | Learned a level 6 spell: Iron Shot
 26611 | Swamp:3  | Noticed Aizul
 26638 | Swamp:3  | Killed Aizul
 27601 | Swamp:4  | Entered Level 4 of the Swamp
 27727 | Swamp:4  | Reached XP level 16. HP: 141/152 MP: 19/19
 27849 | Swamp:4  | Noticed Bai Suzhen
 28495 | Swamp:4  | Noticed Kirke
 28546 | Swamp:4  | HP: 1/152 [12-headed hydra[Bai Suzhen] (13)]
 28546 | Swamp:4  | The Shining One protects you from harm!
 28546 | Swamp:4  | Mangled by a 12-headed hydra

Skill      XL: |  1  2  3  4  5  6  7  8  9 10 11 12 13 14 15 |
---------------+----------------------------------------------+-----
Maces & Flails | 3 4 5 6 8 9 10 11 12 13 15 16 17 | 17.2
Fighting       | 4 5 6 7 8 10 11 12 13 14 15 16 | 16.6
Armour         | 4 6 9 10 12 13 14 15 | 15.4
Shields        | 4 7 9 10 12 13 14 15 | 15.5
Dodging        | 5 7 |  7.5
Translocations | 3 |  3.7
Spellcasting   | 3 |  3.2

Action                   |  1- 3 |  4- 6 |  7- 9 | 10-12 | 13-15 | 16-18 || total
-------------------------+-------+-------+-------+-------+-------+-------++-------
Melee: Flail             |   122 |   256 |   338 |   853 |   705 |       ||  2274
       Headbutt          |    13 |    47 |    52 |   189 |   315 |    18 ||   634
       Morningstar       |       |       |       |       |   486 |    81 ||   567
       Unarmed           |       |       |       |       |       |     2 ||     2
Evoke: Wand              |       |       |    12 |       |     2 |     5 ||    19
  Use: Scroll            |       |     9 |     6 |     7 |     9 |       ||    31
       Potion            |       |       |     3 |       |     7 |     2 ||    12
  Eat: Chunk             |       |    10 |    13 |    23 |    38 |     2 ||    86
       Ration            |       |       |       |       |     2 |       ||     2
Armor: Chain mail        |    63 |     5 |       |       |       |       ||    68
       Plate armour      |       |   129 |   171 |   330 |   109 |       ||   739
       Scale mail        |       |       |       |       |   261 |    37 ||   298
Dodge: Dodged            |    27 |    33 |    30 |   200 |   402 |    57 ||   749
Block: Shield            |    57 |   131 |   136 |       |       |       ||   324
       Large shield      |       |       |    48 |   733 |  1173 |    70 ||  2024
